 Dungeon Crawl Stone Soup version 0.21.1-1-g345015fe64 (webtiles) character file.

117228 Lentor the Hoplite (level 16, -6/133 HPs)
             Began as a Minotaur Berserker on June 19, 2018.
             Was the Champion of Trog.
             Mangled by a slime creature (8 damage)
             ... on level 1 of the Pits of Slime.
             The game lasted 01:25:56 (25471 turns).

Lentor the Hoplite (Minotaur Berserker)            Turns: 25471, Time: 01:25:57

Health: -6/133     AC: 23    Str: 30    XL:     16   Next: 22%
Magic:  11/11      EV: 14    Int:  1    God:    Trog [******]
Gold:   2378       SH: 35    Dex: 16    Spells: 15/15 levels left

rFire    . . .     SeeInvis .   w - +10 long sword (slice)
rCold    + . .     Gourm    .   e - +6 large shield
rNeg     . . .     Faith    .   N - +3 chain mail of Death's Door {+Blink rCorr Int-4 Stlth+}
rPois    +         Spirit   .   (helmet restricted)
rElec    .         Reflect  +   q - +2 cloak {rPois}
rCorr    +         Harm     .   H - +0 pair of gloves {Dex+3}
MR       +....                  g - +0 pair of boots
Stlth    ..........             V - +4 amulet of reflection
HPRegen  0.32/turn              C - +3 ring of strength
MPRegen  0.12/turn              D - ring "Saqo" {rC+ Dex+2}

@: berserk cooldown, slowed, studying Long Blades, very slow
A: retaliatory headbutt, hooves 1, horns 2, rugged brown scales 1, blink, blurry
vision 1, frail 1, low mp 2
a: Blink, Berserk, Trog's Hand, Brothers in Arms, Burn Spellbooks, Renounce
Religion, Evoke Blink


You were on level 1 of the Pits of Slime.
You worshipped Trog.
Trog was exalted by your worship.
You were not hungry.

You visited 7 branches of the dungeon, and saw 28 of its levels.
You also visited: Sewer and Ice Cave.

You collected 2936 gold pieces.
You spent 558 gold pieces at shops.

Inventory:

Hand Weapons
 w - a +10 long sword of slicing (weapon)
Armour
 e - a +6 large shield (worn)
 g - a +0 pair of boots (worn)
 q - a +2 cloak of poison resistance (worn)
 H - a +0 pair of gloves of dexterity (worn)
 J - the +4 leather armour "Ybyezipt" {rF++ Regen+}
   (You found it on level 10 of the Dungeon)

   It greatly protects you from fire.
   It increases your rate of regeneration.
 N - the +3 chain mail of Death's Door (worn) {+Blink rCorr Int-4 Stlth+}
   (You found it on level 10 of the Dungeon)

   It affects your intelligence (-4).
   It lets you blink.
   It protects you from acid and corrosion.
   It makes you more stealthy.
 W - +0 ice dragon scales
Jewellery
 k - an uncursed ring of see invisible
 y - an uncursed amulet of faith
 A - an uncursed ring of protection from fire
 B - an uncursed amulet of guardian spirit
 C - a +3 ring of strength (left hand)
 D - the ring "Saqo" (right hand) {rC+ Dex+2}
   (You bought it in a shop on level 4 of the Dungeon)

   [ring of dexterity]

   It affects your dexterity (+2).
   It protects you from cold.
 P - an uncursed amulet of regeneration
 V - a +4 amulet of reflection (around neck)
 Y - an uncursed ring of poison resistance
Wands
 b - a wand of polymorph (33)
 p - a wand of disintegration (7)
 t - a wand of iceblast (22)
 u - a wand of acid (20)
 G - a wand of clouds (8)
 O - a wand of paralysis (9)
 X - a wand of digging (7)
 Z - a wand of flame (22)
Scrolls
 h - 7 scrolls of teleportation
 n - 12 scrolls of remove curse
 o - 6 scrolls of identify
 r - 2 scrolls of blinking
 s - 3 scrolls of fog
 z - a scroll of holy word {unknown}
 I - 2 scrolls of enchant weapon
 L - a scroll of magic mapping {unknown}
 R - a scroll of fear
Potions
 a - 5 potions of heal wounds
 d - 2 potions of cancellation
 f - 4 potions of haste
 i - 7 potions of brilliance
 j - 26 potions of curing
 l - 2 potions of resistance
 m - 7 potions of might
 v - 3 potions of agility
 x - 11 potions of flight
 E - 4 potions of lignification
 F - 4 potions of invisibility
 T - a potion of ambrosia
Books
 Q - a manual of Long Blades
Miscellaneous
 K - a lightning rod (4/4)
 M - a lightning rod (4/4)
 U - a fan of gales
Comestibles
 c - 37 rations


   Skills:
 + Level 13.4 Fighting
 + Level 16.9 Long Blades
 + Level 12.5 Armour
 + Level 9.1 Dodging
 + Level 2.5 Stealth
 + Level 21.2 Shields
 + Level 0.6 Unarmed Combat


You had 15 spell levels left.
You didn't know any spells.

Dungeon Overview and Level Annotations

Branches:
Dungeon (15/15)            Temple (1/1) D:5            Lair (6/6) D:8
 Shoals (0/4) Lair:4       Spider (0/4) Lair:2        Slime (2/5) Lair:5
    Orc (2/2) D:11            Elf (1/3) Orc:2        Vaults (0/5) D:14
 Depths (1/5) D:15

Altars:
Ashenzari
Cheibriados
Dithmenos
Elyvilon
Fedhas
Gozag
Hepliaklqana
Kikubaaqudgha
Makhleb
Nemelex Xobeh
Okawaru
Qazlal
Ru
Sif Muna
Trog
Uskayaw
Vehumet
Wu Jian
Xom
Yredelemnul
Zin
The Shining One
Jiyva

Shops:
D:4 *   D:5 ?   D:6 %   D:10 :   D:14 }([[   Orc:1 *   Orc:2 *!}?*

Portals:
Ziggurat: Depths:1


Innate Abilities, Weirdness & Mutations

You reflexively headbutt those who attack you in melee.
You have a pair of horns on your head.
You have large cloven feet.
You are partially covered in rugged brown scales. (AC +1, +3% HP)
You can translocate small distances at will.
Scrolls take you a little longer to read.
You are frail. (-10% HP)
Your magical capacity is very low. (-20% MP)


Message History

You feel much better. The very large slime creature hits you!
* * * LOW HITPOINT WARNING * * *
You block the slime creature's attack.
You block the enormous slime creature's attack.
You block the slime creature's attack.
The slime creature hits you but does no damage.
The slime creature hits you.
* * * LOW HITPOINT WARNING * * *
You block the slime creature's attack. The slime creature hits you!
* * * LOW HITPOINT WARNING * * *
The very large slime creature hits you but does no damage.
You block the slime creature's attack.
Really read with blurry vision while enemies are nearby? [Y]es or [N]o only, please.
Really read with blurry vision while enemies are nearby?
You block the enormous slime creature's attack.
You block the slime creature's attack. x3
The slime creature hits you but does no damage.
You block the slime creature's attack. The slime creature hits you!
You die...

##..#.#.............#.##
####......................##
#####.###......................#
#.#.....##.....................##
...........................##...#
#.........................##.....
#.........................##.....
#......#.......JJJ..............#
##.##.#.....<..J@J..............#
####..........JJJ.............##
#........................####
#...##......#...#..........##
##.####......#..............## ##
##.......#...............#
###.......#.......#........#
##......#.#....#.......#....##
#.......####.##............#.#


You could see an enormous slime creature, a very large slime creature and 6
slime creatures.

Vanquished Creatures
  4 acid blobs
  3 stone giants (Depths:1)
  2 entropy weavers (Lair:6)
  The ghost of ImError the Spry, a journeyman SpAs of Dithmenos (Lair:4)
  An ettin (Depths:1)
  4 hydras
  2 vault guards (D:14)
  2 ice dragons
  14 two-headed ogres
  3 centaur warriors
  A queen ant (Lair:6)
  2 tengu warriors (D:15)
  A dancing weapon (Orc:2)
  2 ogre magi
  2 deep elf knights
  The ghost of cokecookie the Cleaver, a novice MiBe of Trog (D:7)
  An iron troll (Orc:2)
  2 unseen horrors
  2 deep trolls
  A wizard (D:14)
  A lindwurm (Lair:6)
  An orb spider (Lair:2)
  An orc knight (D:15)
  8 ugly things
  2 necromancers (D:14)
  3 cyclopes
  A shining eye (Slime:1)
  7 elephants (Lair:6)
  3 deep elf magi (Elf:1)
  A manticore (Lair:6)
  2 centaur zombies (D:11)
  5 black mambas
  6 torpor snails (Lair:6)
  7 spiny frogs
  6 centaur skeletons
  A gargoyle (D:15)
  4 rime drakes
  3 komodo dragons
  4 yaktaurs (Depths:1)
  A jumping spider (shapeshifter) (D:15)
  10 trolls
  10 hornets
  16 polar bears
  A raiju (Lair:6)
  14 slime creatures
  4 tyrant leeches (Lair:6)
  8 blink frogs (Lair:6)
  6 dream sheep (Lair:2)
  9 hippogriffs
  A vampire (D:15)
  Eustachio (D:5)
  3 wyverns
  2 wraiths
  20 humans (D:14)
  Grum (D:8)
  A hungry ghost (D:11)
  2 basilisks
  58 yaks
  5 golden eyes (Slime:1)
  2 steam dragons (D:11)
  7 vampire mosquitoes
  8 wargs
  14 hell hounds (Lair:6)
  2 acid dragons (D:14)
  A two-headed ogre zombie (D:11)
  7 soldier ants
  8 porcupines
  7 water moccasins
  6 sky beasts
  13 black bears
  20 orc warriors
  4 ice beasts
  2 phantoms
  An eye of draining (D:14)
  A hornet zombie (D:12)
  A necrophage (D:11)
  20 ogres
  3 centaurs
  27 wolves
  11 crocodiles
  18 bullfrogs
  3 big kobolds
  An earth elemental (Elf:1)
  6 scorpions
  A water moccasin skeleton (D:8)
  12 killer bees
  3 wights (D:10)
  2 howler monkeys
  6 crimson imps
  4 jellies
  2 bullfrog skeletons
  2 hounds
  19 orc priests
  38 orc wizards
  18 worker ants
  6 ogre zombies (D:11)
  2 hound skeletons (D:5)
  Robin (D:2)
  A worker ant zombie (D:10)
  16 adders
  5 river rats (Sewer)
  2 shadow imps
  3 oozes
  2 adder zombies (D:7)
  An adder skeleton (D:4)
  3 dart slugs
  A worm (D:3)
  9 leopard geckos
  65 orcs
  4 bats
  9 giant cockroaches
  17 goblins
  13 hobgoblins
  7 jackals
  8 quokkas
  4 ball pythons
  5 frilled lizards
  2 goblin skeletons (D:11)
  A goblin zombie (D:11)
  3 hobgoblin skeletons (D:11)
  A hobgoblin zombie (D:11)
  27 kobolds
  2 orc skeletons (D:11)
  16 orc zombies (D:11)
  A quokka skeleton (D:7)
  A quokka zombie (D:5)
  26 rats
  2 plants
856 creatures vanquished.

Vanquished Creatures (collateral kills)
  2 ettins
  Erolcha (D:12)
  3 hydras
  An ogre mage (Orc:2)
  3 two-headed ogres
  A tengu warrior (D:15)
  An ugly thing (D:8)
  A manticore (Lair:4)
  7 elephants
  An efreet (D:15)
  A troll (Orc:2)
  2 slime creatures (D:12)
  2 hippogriffs
  A vampire (D:14)
  A wraith (D:15)
  4 yaks
  3 vampire mosquitoes (D:12)
  2 water moccasins
  3 ogres
  A crocodile (D:8)
  2 orc priests (Orc:2)
  A worker ant (D:8)
44 creatures vanquished.

Vanquished Creatures (others)
  2 yaktaurs (Depths:1)
  A water elemental (Depths:1)
  A bush (Lair:6)
  15 fungi
  18 plants
37 creatures vanquished.

Grand Total: 937 creatures vanquished

Notes
Turn   | Place    | Note
-------+----------+-------------------------------------------
     0 | D:1      | Lentor the Minotaur Berserker began the quest for the Orb.
     0 | D:1      | Reached XP level 1. HP: 19/19 MP: 0/0
   144 | D:1      | Reached XP level 2. HP: 19/27 MP: 1/1
   909 | D:2      | Reached XP level 3. HP: 33/33 MP: 2/2
   972 | D:2      | Reached ** piety under Trog
  1157 | D:2      | Noticed Robin
  1173 | D:2      | Killed Robin
  1173 | D:2      | Reached XP level 4. HP: 27/41 MP: 3/3
  1377 | D:2      | Reached skill level 1 in Shields
  1421 | D:2      | Found a blossoming altar of Fedhas.
  1631 | D:2      | Found a deep blue altar of Sif Muna.
  1631 | D:2      | Found a basalt altar of Yredelemnul.
  1642 | D:2      | Found an ancient bone altar of Kikubaaqudgha.
  1652 | D:2      | Found a sparkling altar of Nemelex Xobeh.
  1819 | D:3      | Noticed an ogre
  1827 | D:3      | Killed an ogre
  1827 | D:3      | Reached skill level 5 in Fighting
  1827 | D:3      | Reached skill level 2 in Shields
  1827 | D:3      | Reached XP level 5. HP: 48/48 MP: 4/4
  1978 | D:3      | Found a glowing drain.
  2004 | Sewer    | Entered a sewer
  2054 | Sewer    | Reached skill level 3 in Shields
  2054 | Sewer    | Reached XP level 6. HP: 33/56 MP: 5/5
  2057 | Sewer    | Reached *** piety under Trog
  2629 | Sewer    | Reached skill level 5 in Long Blades
  2773 | Sewer    | Reached skill level 4 in Shields
  3129 | D:3      | Reached **** piety under Trog
  3472 | D:3      | Found a hazy altar of Hepliaklqana.
  3816 | D:4      | Reached XP level 7. HP: 61/61 MP: 6/6
  3920 | D:4      | Found Veluthry's Assorted Antiques.
  3930 | D:4      | Bought a shiny ruby ring for 95 gold pieces
  3930 | D:4      | Bought a warped iron ring for 95 gold pieces
  3930 | D:4      | Identified the ring "Saqo" {rC+ Dex+2} (You bought it in a shop on level 4 of the Dungeon)
  3931 | D:4      | Lost intelligence.
  4307 | D:5      | Entered Level 5 of the Dungeon
  4581 | D:5      | Found a staircase to the Ecumenical Temple.
  4620 | D:5      | Found a burning altar of Makhleb.
  4729 | D:5      | Reached skill level 5 in Shields
  4906 | D:5      | Noticed Eustachio
  4934 | D:5      | Killed Eustachio
  4934 | D:5      | Reached XP level 8. HP: 70/70 MP: 7/7
  4978 | D:5      | Found a glowing silver altar of Zin.
  5127 | D:5      | Found Laifoyt's Magic Scroll Boutique.
  5155 | D:5      | Bought a scroll of remove curse for 39 gold pieces
  5349 | Temple   | Entered the Ecumenical Temple
  5540 | D:6      | Reached skill level 6 in Shields
  5589 | D:6      | Reached skill level 1 in Stealth
  5780 | D:6      | Reached ***** piety under Trog
  5793 | D:6      | Found Sodepog's Food Shop.
  6179 | D:7      | Reached skill level 7 in Shields
  6404 | D:7      | Reached skill level 5 in Dodging
  6548 | D:7      | Found a white marble altar of Elyvilon.
  6609 | D:7      | Noticed cokecookie's ghost (novice MiBe)
  6619 | D:7      | Killed cokecookie's ghost
  6619 | D:7      | Reached skill level 5 in Armour
  6619 | D:7      | Reached skill level 8 in Shields
  6619 | D:7      | Reached XP level 9. HP: 78/78 MP: 8/8
  7173 | D:8      | Found a staircase to the Lair.
  7173 | D:8      | Noticed an elephant
  7173 | D:8      | Noticed a two-headed ogre
  7177 | D:8      | Killed a two-headed ogre
  7180 | D:8      | Reached skill level 9 in Shields
  7183 | D:8      | Killed an elephant
  7283 | D:8      | Reached skill level 10 in Long Blades
  7388 | D:8      | Reached XP level 10. HP: 67/86 MP: 9/9
  7574 | D:8      | Found a radiant altar of Vehumet.
  7622 | D:8      | Noticed Grum
  7640 | D:8      | Killed Grum
  7737 | D:8      | Noticed a red ugly thing
  7747 | D:8      | Killed a red ugly thing
  7747 | D:8      | Reached skill level 10 in Shields
  8087 | D:9      | Found a hide-covered altar of Uskayaw.
  8210 | D:9      | Found a shimmering altar of Xom.
  8647 | Lair:1   | Entered Level 1 of the Lair of Beasts
  8732 | Lair:1   | Noticed a black mamba
  8779 | D:8      | Killed a black mamba
  9189 | Lair:1   | Found an ornate altar of the Wu Jian Council.
  9395 | Lair:1   | Noticed a five-headed hydra
  9403 | Lair:1   | Killed an eight-headed hydra
  9403 | Lair:1   | Reached skill level 11 in Shields
  9674 | Lair:1   | Reached XP level 11. HP: 94/94 MP: 10/10
 10311 | Lair:2   | Reached skill level 12 in Shields
 10725 | Lair:2   | Found a hole to the Spider Nest.
 10725 | Lair:2   | Noticed an orb spider
 10840 | Lair:2   | Found a frozen archway.
 10851 | IceCv    | Entered an ice cave
 10984 | IceCv    | Reached skill level 13 in Shields
 12105 | D:10     | Entered Level 10 of the Dungeon
 12106 | D:10     | Found Veusew's Book Boutique.
 12226 | D:10     | Got a fine leather armour
 12243 | D:10     | Identified the +4 leather armour "Ybyezipt" {rF++ Regen+} (You found it on level 10 of the Dungeon)
 12421 | D:10     | Received a gift from Trog
 12590 | D:10     | Got a pitted chain mail
 12601 | D:10     | Identified the +3 chain mail of Death's Door {+Blink rCorr Int-4 Stlth+} (You found it on level 10 of the Dungeon)
 12601 | D:10     | Lost intelligence.
 12892 | D:11     | Reached XP level 12. HP: 104/104 MP: 3/11
 12996 | D:11     | Found a staircase to the Orcish Mines.
 13012 | D:11     | Noticed a two-headed ogre
 13018 | D:11     | Killed a two-headed ogre
 13089 | D:11     | Reached skill level 14 in Shields
 13169 | D:11     | Noticed a two-headed ogre
 13173 | D:11     | Killed a two-headed ogre
 13764 | D:12     | Noticed an eight-headed hydra
 13771 | D:12     | Killed a ten-headed hydra
 13777 | D:12     | Reached skill level 10 in Fighting
 13926 | D:12     | Reached skill level 15 in Shields
 13962 | D:12     | Received a gift from Trog
 13972 | D:12     | Reached ****** piety under Trog
 14033 | D:12     | Found a blossoming altar of Fedhas.
 14126 | D:12     | Noticed Erolcha
 14132 | D:12     | Killed Erolcha
 14509 | D:13     | Noticed a centaur warrior
 14515 | D:13     | Killed a centaur warrior
 14515 | D:13     | Reached XP level 13. HP: 114/114 MP: 12/12
 14814 | D:13     | Found a sacrificial altar of Ru.
 15266 | D:13     | Gained mutation: You are frail. (-10% HP) [potion of mutation]
 15266 | D:13     | Gained mutation: You are partially covered in slimy green scales. (AC +2) [potion of mutation]
 15267 | D:13     | Lost mutation: You are frail. (-10% HP) [potion of mutation]
 15267 | D:13     | Lost mutation: You are partially covered in slimy green scales. (AC +2) [potion of mutation]
 15267 | D:13     | Gained mutation: You occasionally shout uncontrollably at your foes. [potion of mutation]
 15267 | D:13     | Gained mutation: You have large cloven feet. [potion of mutation]
 15267 | D:13     | Gained mutation: You are weak. (Str -2) [potion of mutation]
 15267 | D:13     | Lost mutation: You are weak. (Str -2) [potion of mutation]
 15270 | D:13     | Lost mutation: You occasionally shout uncontrollably at your foes. [potion of mutation]
 15270 | D:13     | Gained mutation: Scrolls take you a little longer to read. [potion of mutation]
 15270 | D:13     | Gained mutation: You are partially covered in rugged brown scales. (AC +1, +3% HP) [potion of mutation]
 15270 | D:13     | Gained mutation: You can translocate small distances at will. [potion of mutation]
 15493 | D:14     | Reached skill level 16 in Shields
 15617 | D:14     | Found Ohaopie's Armour Shop.
 15625 | D:14     | Bought a +2 cloak of poison resistance for 203 gold pieces
 15625 | D:14     | Bought a +0 pair of gloves of dexterity for 126 gold pieces
 15730 | D:14     | Found Nud Dovo's Antique Armour Shop.
 15745 | D:14     | Found Laediaf's Antique Weapon Shop.
 15926 | D:14     | Found Pyarazaw's Gadget Shop.
 16144 | D:14     | Received a gift from Trog
 16217 | D:14     | Found a gate to the Vaults.
 16359 | D:15     | Entered Level 15 of the Dungeon
 16362 | D:15     | Found an iron altar of Okawaru.
 16400 | D:15     | Reached skill level 17 in Shields
 16525 | D:15     | Reached skill level 10 in Armour
 16696 | D:15     | Found a staircase to the Depths.
 16783 | D:15     | Reached XP level 14. HP: 113/127 MP: 13/13
 17222 | Orc:1    | Entered Level 1 of the Orcish Mines
 17259 | Orc:1    | Reached skill level 15 in Long Blades
 17263 | Orc:1    | Received a gift from Trog
 17705 | Orc:1    | Found Vanulame's General Store.
 17822 | Orc:2    | Entered Level 2 of the Orcish Mines
 17956 | Orc:2    | Reached skill level 18 in Shields
 18207 | Orc:2    | Found Jywkorar's General Store.
 18358 | Orc:2    | Found Yczas's Distillery.
 18370 | Orc:2    | Found Kazxiel's Assorted Antiques.
 18371 | Orc:2    | Found Obabi's Magic Scroll Shoppe.
 18390 | Orc:2    | Found Hipp's Gadget Emporium.
 18411 | Orc:2    | Found a staircase to the Elven Halls.
 18729 | Elf:1    | Entered Level 1 of the Elven Halls
 20162 | Lair:4   | Noticed ImError's ghost (journeyman SpAs)
 20182 | Lair:4   | Killed ImError's ghost
 20182 | Lair:4   | Reached skill level 19 in Shields
 20505 | Lair:4   | Found a staircase to the Shoals.
 20523 | Lair:4   | Reached XP level 15. HP: 138/138 MP: 14/14
 20978 | Lair:5   | Found a viscous altar of Jiyva.
 20978 | Lair:5   | Found a staircase to the Slime Pits.
 21344 | Lair:6   | Entered Level 6 of the Lair of Beasts
 22249 | Lair:6   | Reached skill level 20 in Shields
 22265 | Lair:6   | Received a gift from Trog
 22819 | Lair:6   | Found a runed door.
 23618 | Depths:1 | Entered Level 1 of the Depths
 23638 | Depths:1 | Found a gateway to a ziggurat.
 23681 | Depths:1 | Noticed a sphinx
 24331 | Slime:1  | Entered Level 1 of the Pits of Slime
 24339 | Slime:1  | Gained mutation: Your magical capacity is low. (-10% MP) [a shining eye]
 24340 | Slime:1  | Noticed an acid blob
 24340 | Slime:1  | Gained mutation: You are frail. (-10% HP) [a shining eye]
 24344 | Slime:1  | Reached XP level 16. HP: 133/133 MP: 13/13
 24352 | Slime:1  | Killed an acid blob
 24352 | Slime:1  | Gained mutation: Your magical capacity is very low. (-20% MP) [a shining eye]
 24365 | Slime:1  | Received a gift from Trog
 24373 | Slime:1  | Noticed an acid blob
 24385 | Slime:1  | Killed an acid blob
 24385 | Slime:1  | Reached skill level 21 in Shields
 24976 | Slime:1  | Noticed an acid blob
 24984 | Slime:1  | Killed an acid blob
 25441 | Slime:2  | Noticed an acid blob
 25451 | Slime:2  | Killed an acid blob
 25460 | Slime:2  | Paralysed by a great orb of eyes for 6 turns
 25470 | Slime:1  | HP: 2/133 [slime creature (12)]
 25471 | Slime:1  | Mangled by a slime creature

Skill      XL: |  1  2  3  4  5  6  7  8  9 10 11 12 13 14 15 16 |
---------------+-------------------------------------------------+-----
Fighting       | 4 5 6 7 8 9 10 11 12 13 | 13.4
Long Blades    | 4 5 6 8 10 11 12 14 15 16 | 16.9
Shields        | 2 3 4 5 8 9 11 13 15 17 19 20 21 | 21.2
Armour         | 3 4 5 6 8 9 10 11 12 | 12.5
Dodging        | 3 4 5 6 7 8 9 |  9.1
Stealth        | 1 2 |  2.5
Unarmed Combat | |  0.6

Action                   |  1- 3 |  4- 6 |  7- 9 | 10-12 | 13-15 | 16-18 || total
-------------------------+-------+-------+-------+-------+-------+-------++-------
Melee: Falchion          |   128 |    58 |       |       |       |       ||   186
       Headbutt          |    29 |    35 |    77 |   201 |   363 |    24 ||   729
       Unarmed           |     4 |       |       |       |       |       ||     4
       Long sword        |       |   157 |   326 |   766 |  1263 |    72 ||  2584
Invok: Berserk           |     1 |     2 |     5 |    12 |    13 |     1 ||    34
       Burn Spellbooks   |       |       |     3 |       |     2 |       ||     5
       Brothers in Arms  |       |       |     1 |     6 |    12 |       ||    19
  Use: Scroll            |       |       |    18 |     2 |    14 |       ||    34
       Potion            |       |       |       |     4 |     4 |     4 ||    12
 Stab: Distracted        |       |       |     1 |     1 |       |       ||     2
  Eat: Ration            |       |     1 |       |     5 |     6 |     2 ||    14
       Chunk             |       |     9 |    19 |    21 |    27 |       ||    76
Armor: Animal skin       |     8 |       |       |       |       |       ||     8
       Scale mail        |     5 |    81 |       |       |       |       ||    86
       Leather armour    |       |     9 |    57 |       |       |       ||    66
       Plate armour      |       |       |    77 |       |       |       ||    77
       Chain mail        |       |       |     8 |   191 |   233 |    32 ||   464
Dodge: Dodged            |    20 |    72 |    68 |   128 |   253 |     9 ||   550
Block: Large shield      |    65 |   225 |   281 |   859 |  1489 |    77 ||  2996
       Reflection        |       |       |       |       |    10 |     5 ||    15
       Rpst.: Falchion   |     3 |     5 |       |       |       |       ||     8
       Long sword        |       |    19 |    15 |    32 |    46 |     1 ||   113
